 Dungeon Crawl Stone Soup version 0.28-a0-851-g8b9cc49659 (webtiles) character file.

Game seed: 18258384909752112040

196 avis the Insei (level 5, 0/36 HPs)
             Began as an Octopode Transmuter on Nov 15, 2021.
             Slain by a black bear (3 damage)
             ... on level 3 of the Dungeon.
             The game lasted 00:19:20 (3875 turns).

avis the Insei (Octopode Transmuter)                Turns: 3875, Time: 00:19:21

Health: 0/36       AC:  1    Str: 11    XL:     5   Next: 74%
Magic:  7/8        EV: 13    Int: 15    God:
Gold:   133        SH:  0    Dex: 12    Spells: 0/8 levels left

rFire   + . .      SeeInvis .     - Unarmed
rCold   . . .      Faith    .   (no shield)
rNeg    + . .      Spirit   .   (helmet restricted)
rPois   .          Reflect  .   (no amulet)
rElec   .          Harm     .   i - ring of protection from fire
rCorr   .          Rampage  .   j - ring of positive energy
Will    .....                   (no ring)
Stlth   +++.......              (no ring)
HPRegen 0.12/turn               (no ring)
MPRegen 0.11/turn               (no ring)
                                (no ring)
                                (no ring)

@: no status effects
A: almost no armour, amphibious, 8 rings, camouflage 1, gelatinous body 1,
(nimble swimmer 1), tentacles
a: no special abilities


You were on level 3 of the Dungeon.
You visited 1 branch of the dungeon, and saw 4 of its levels.

You collected 133 gold pieces.

Inventory:

Hand Weapons
 b - a +0 hunting sling
 w - a +0 dagger of venom
Missiles
 c - 103 stones
 l - 27 arrows
 n - 15 bolts
Jewellery
 i - a ring of protection from fire (left tentacle)
 j - a ring of positive energy (right tentacle)
Scrolls
 d - a scroll of acquirement
Potions
 e - 2 potions of curing
 g - 5 potions of lignification
 h - 2 potions of brilliance
 k - 2 potions of haste


   Skills:
 - Level 3.0 Fighting
 * Level 2.2 Dodging
 - Level 2.0 Stealth
 - Level 5.0 Unarmed Combat
 - Level 2.0 Spellcasting
 - Level 2.0 Transmutations
 - Level 1.0 Poison Magic


You couldn't memorise any spells.
You knew the following spells:

 Your Spells              Type           Power      Damage    Failure   Level
a - Beastly Appendage     Tmut           14%        N/A       10%         1
p - Spider Form           Tmut/Pois      6%         N/A       34%         3
q - Ice Form              Ice/Tmut       4%         N/A       82%         4

Your spell library contained the following spells:

 Spells                   Type           Power      Damage    Failure   Level
 Wereblood                Tmut           7%         N/A       14%         2
 Scorch                   Fire           2%         2d5       32%         2
 Flame Wave               Conj/Fire      1%         3d3       91%         4
 Summon Cactus Giant      Summ           0%         N/A       100%        6


Dungeon Overview and Level Annotations

Branches:
Dungeon (4/15)
 Temple: D:4-7

Altars:
The Shining One

Shops:
D:3 *

Annotations:
D:4 Eustachio


Innate Abilities, Weirdness & Mutations

You cannot wear most types of armour.
You are amphibious.
You can wear up to eight rings at the same time.
Your skin changes colour to match your surroundings (Stealth+).
Your rubbery body absorbs attacks. (AC +1, EV +1)
((You are camouflaged near water. (Stealth+)))
You have tentacles for arms and can constrict up to eight enemies at once.


Message History

Level annotation: Eustachio The black bear growls angrily.
The black bear misses you. The black bear claws you. x2
The black bear bites you. The black bear closely misses you.
The black bear claws you.
There is a stone staircase leading up, spattered with blood here.
The black bear bites you! The black bear barely misses you.
The black bear completely misses you.
You climb upwards.
There is a stone staircase leading down here.
Your transformation is almost over.
Casting: Beastly Appendage (safe; 10% risk of failure)
Confirm with . or Enter, or press ? or * to list all spells.
The spell is quite dangerous to cast (34% risk of failure)!
Continue anyway?
Your tentacle spike disappears.
You turn into a venomous arachnid creature.
The black bear barely misses you. The black bear closely misses you.
The black bear claws you.
You hit the black bear.
The black bear is poisoned.
The black bear is lightly wounded.
The black bear completely misses you. The black bear barely misses you.
The black bear misses you.
You hit the black bear but do no damage.
The black bear looks as sick as possible!
The black bear is lightly wounded.
The black bear closely misses you. The black bear claws you. x2
Your transformation is almost over.
You see here a rat skeleton.
Your transformation has ended.
You see here a rat skeleton.
The black bear goes berserk!
You hear an angry growl.
You hear an angry growl.
The black bear misses you. The black bear claws you.
* * * LOW HITPOINT WARNING * * *
The black bear barely misses you. The black bear bites you.
* * * LOW HITPOINT WARNING * * *
The black bear claws you.
You die...

#.#..###.'.##........# #..
#.#...#.....##.......##### ###
#....#.......#...........#
........._...........###.#
......#.....#...#.#### #.#
.............#..#.## #.#
#....##..'##.#.....#####.#
##...#.##.#.#........##..#
#.............h@>.#.##.#########
#..............#รท##.##..........
#.#####.####.###.##.............
#.# #..# #.....#####.#########
#.####.### #####.# #............
#........# #># #.#.######...
########.## #.###.#.##..)..#.
#####...### #.......##.#####.
#.....#...# #####..>.........


You could see a black bear (berserk, poisoned).

Vanquished Creatures
  A crimson imp (D:2)
  9 adders
  An ufetubus (D:3)
  5 orcs (D:3)
  4 bats
  4 endoplasms
  2 giant cockroaches
  9 hobgoblins
  3 quokkas
  9 ball pythons
  3 frilled lizards
  7 goblins
  2 goblin skeletons (D:3)
  3 hobgoblin zombies (D:3)
  5 kobolds
  A kobold skeleton (D:3)
  An orc skeleton (D:3)
  2 orc zombies (D:3)
  8 rats
79 creatures vanquished.

Notes
Turn   | Place    | Note
-------+----------+-------------------------------------------
     0 | D:1      | avis the Octopode Transmuter began the quest for the Orb.
     0 | D:1      | Reached XP level 1. HP: 13/13 MP: 3/3
   306 | D:1      | Reached XP level 2. HP: 12/19 MP: 3/5
   467 | D:1      | Reached skill level 1 in Stealth
   923 | D:1      | Reached XP level 3. HP: 25/25 MP: 3/6
   950 | D:1      | Learned a level 3 spell: Spider Form
  1231 | D:2      | Reached skill level 1 in Poison Magic
  1720 | D:2      | Found a faded altar of an unknown god.
  2215 | D:2      | Reached XP level 4. HP: 26/31 MP: 5/7
  2925 | D:2      | Reached skill level 4 in Unarmed Combat
  2925 | D:2      | Reached XP level 5. HP: 35/36 MP: 5/8
  2946 | D:3      | Found a glowing golden altar of the Shining One.
  3330 | D:3      | Found Tifawne's Assorted Antiques.
  3637 | D:3      | Reached skill level 5 in Unarmed Combat
  3642 | D:3      | Learned a level 4 spell: Ice Form
  3762 | D:4      | Noticed Eustachio
  3779 | D:4      | Identified a scroll of acquirement
  3841 | D:4      | Noticed a black bear
  3875 | D:3      | Slain by a black bear

Illustrated notes

Levels and vault maps discovered:
D:1:      minmay_arrival_jagged, layout_basic
D:2:      minmay_spotlight, layout_loops_ring,
          shapermc_ecumenical_altar_mp_highgroup
D:3:      layout_loops_ring, nicolae_tso_besieged_by_evil, serial_shops, shop,
          st_stairs_9, minmay_close_crescents
D:4:      layout_rooms, minmay_temple_entry_glass, nicolae_ossuary_entry_plus,
          uniq_eustachio

Skill      XL: |  1  2  3  4  5 |
---------------+----------------+-----
Fighting       | 2 3 |  3.0
Stealth        | 1 2 |  2.0
Poison Magic   | 1 |  1.0
Unarmed Combat | 4 5 |  5.0
Dodging        | |  2.2
Spellcasting   | |  2.0
Transmutations | |  2.0

Action                   |  1- 3 |  4- 6 || total
-------------------------+-------+-------++-------
Melee: Unarmed           |    36 |    70 ||   106
       Constrict         |    19 |    26 ||    45
       Kick              |    20 |    18 ||    38
       Tentacles         |     8 |     6 ||    14
       Dagger            |    42 |    17 ||    59
       Punch             |       |     1 ||     1
 Cast: Beastly Appendage |    33 |    25 ||    58
       Spider Form       |       |     4 ||     4
  Use: Potion            |       |     1 ||     1
       Scroll            |       |     4 ||     4
 Stab: Sleeping          |    12 |     5 ||    17
Armor: Skin              |     8 |     7 ||    15
Dodge: Dodged            |    32 |    56 ||    88

Table legend: (Time is in decaauts)
 A = Elapsed time spent in this place.
 B = Non-inter-level travel time spent in this place.
 C = Inter-level travel time spent in this place.
 D = Time resting spent in this place.
 E = Time spent auto-exploring this place.
 F = Levels seen in this place.
 G = Mean time per level.
                   A        B        C        D        E       F      G
               +--------+--------+--------+--------+--------+-----+--------+
         Total |   3874 |   3560 |    314 |   1232 |   1490 |   4 |  968.5 |
       Dungeon |   3874 |   3560 |    314 |   1232 |   1490 |   4 |  968.5 |
               +--------+--------+--------+--------+--------+-----+--------+

Top non-repeatable levels by time:
     D:2: 1479 daAuts
     D:1: 1265 daAuts
     D:3: 1105 daAuts
     D:4: 24 daAuts
